 Dungeon Crawl Stone Soup version 0.31-a0-1388-g4b2ba238e7 (webtiles) character file.

Game seed: 12584702194154589228

280 Loonster the Changeling (level 6, -9/51 HPs)
             Began as a Draconian Shapeshifter on Dec 24, 2023.
             Mangled by an ogre
             ... wielding a +0 giant club
              (25 damage)
             ... on level 4 of the Dungeon.
             The game lasted 00:02:50 (2934 turns).

Loonster the Changeling (Draconian Shapeshifter)    Turns: 2934, Time: 00:02:50

Health: -9/51      AC:  6    Str: 19    XL:     6   Next: 5%
Magic:  6/6        EV: 11    Int: 10    God:
Gold:   184        SH:  4    Dex: 10    Spells: 5/5 levels left

rFire   . .          .
                       - Unarmed
rCold   . . .        n - +0 buckler
rNeg    . . .        (body armour unavailable)
rPois   .            (helmet currently unavailable)
rElec   .            (cloak currently unavailable)
rCorr   .            (gloves currently unavailable)
SInv    .            (boots currently unavailable)
Will    .....        (no amulet)
Stlth   +            (no ring)
HPRegen 0.28/turn    (no ring)
MPRegen 0.10/turn

%: no passive effects
@: beast-form
A: beast (slay +3), AC +6, unfitting armour, cold-blooded
a: Begin Untransformation


You were on level 4 of the Dungeon.
You were a hulking beast.
You visited 1 branch of the dungeon, and saw 4 of its levels.

You collected 184 gold pieces.

Inventory:

Missiles
 h - 6 curare-tipped darts
Armour
 n - a +0 buckler (worn)
Jewellery
 k - a +4 ring of protection
Talismans
 b - a beast talisman
 c - a flux talisman
Scrolls
 d - 2 scrolls of teleportation {unknown}
 f - 4 scrolls of identify {unknown}
 i - 3 scrolls of vulnerability {unknown}
 l - 2 scrolls of silence {unknown}
 m - a scroll of amnesia {unknown}
Potions
 a - 3 potions of lignification
 e - a potion of berserk rage {unknown}
 g - 2 potions of heal wounds {unknown}
 j - 2 potions of might {unknown}


   Skills:
 - Level 3.2 Fighting
 - Level 1.7 Dodging
 + Level 1.9 Shields
 - Level 3.0 Unarmed Combat
 - Level 5.3 Shapeshifting


You had 5 spell levels left.
You didn't know any spells.
Your spell library contained the following spells:

 Spells                   Type           Power      Damage    Failure   Level
 Foxfire                  Conj/Fire      0%         2x1d4     43%         1
 Mercury Vapours          Alch/Air       0%         N/A       58%         2
 Mephitic Cloud           Conj/Alch/Air  0%         N/A       82%         3
 Freezing Cloud           Conj/Ice/Air   0%         6-21      100%        5
 Conjure Ball Lightning   Conj/Air       0%         3x3d6     100%        6
 Plasma Beam              Fire/Air       0%         2x1d10    100%        6
 Starburst                Conj/Fire      0%         6d3       100%        6
 Discord                  Hex            0%         N/A       100%        8
 Disjunction              Tloc           0%         N/A       100%        8
 Chain Lightning          Conj/Air       0%         N/A       100%        9
 Fire Storm               Conj/Fire      0%         5d1       100%        9
 Shatter                  Erth           0%         3d5*      100%        9


Dungeon Overview and Level Annotations

Branches:
Dungeon (4/15)
 Temple: D:4-7

Altars:
Okawaru

Shops:
D:4 *


Innate Abilities, Weirdness & Mutations

You are a hulking beast.
Your limbs bulge with bestial killing power. (Slay +3)
Your plain brown scales are hard. (AC +6)
You cannot fit into any form of body armour.
You are cold-blooded and may be slowed by cold attacks.


Message History

The hobgoblin is heavily wounded.
You block the hobgoblin's attack.
You completely miss the hobgoblin.
The hobgoblin is heavily wounded.
The hobgoblin closely misses you.
You hit the hobgoblin.
You kill the hobgoblin!
No target in view!
No target in view!
No target in view!
No target in view!
No target in view!
No target in view!
No target in view!
No target in view!
No target in view!
An ogre comes into view. It is wielding a +0 giant club.
An ogre is nearby!
An ogre is nearby!
An ogre is nearby!
You punch the ogre!
The ogre is moderately wounded.
The ogre hits you with a +0 giant club!!
You hit the ogre.
The ogre is heavily wounded.
The ogre hits you with a +0 giant club!
* * * LOW HITPOINT WARNING * * *
You are too injured to fight recklessly!
You are too injured to fight recklessly!
You are too injured to fight recklessly!
You are too injured to fight recklessly!
You are too injured to fight recklessly!
You are too injured to fight recklessly!
You are too injured to fight recklessly!
You barely miss the ogre.
The ogre is heavily wounded.
You hit the ogre.
The ogre is severely wounded.
The ogre hits you with a +0 giant club!!
You die...

########## #........###
#......)...#
#........#.###
#........#...#########
##........#......##....
###...................≈≈≈
#.....................≈≈≈≈
.........h............≈≈∩≈
#..#.....O............≈~[~
....................#..~.~
.....######...............
..... ........#.......
..... .......#........ ..
.....#.#..#..##
..(#.##..#..## .# #.....#.


You could see an ogre.

Vanquished Creatures
  A bombardier beetle (D:2)
  An orc priest (D:4)
  Terence (D:2)
  2 iguanas
  Robin (D:1)
  3 gnolls (D:2)
  3 adders (D:2)
  2 worms (D:2)
  3 orcs
  3 ball pythons (D:2)
  A bat (D:1)
  8 endoplasms
  10 goblins
  13 hobgoblins
  6 kobolds
  2 frilled lizards (D:2)
  5 rats
65 creatures vanquished.

Notes
Turn   | Place    | Note
-------+----------+-------------------------------------------
     0 | D:1      | Loonster the Draconian Shapeshifter began the quest for the
                  | Orb.
     0 | D:1      | Reached XP level 1. HP: 16/16 MP: 1/1
   366 | D:1      | Reached XP level 2. HP: 23/23 MP: 2/2
   691 | D:2      | Noticed Robin
   698 | D:2      | Reached skill level 4 in Shapeshifting
   746 | D:1      | Killed Robin
   747 | D:1      | Reached XP level 3. HP: 15/28 MP: 3/3
   932 | D:2      | Noticed Terence
   947 | D:2      | Killed Terence
   948 | D:2      | Reached XP level 4. HP: 27/35 MP: 4/4
  1253 | D:2      | Reached skill level 5 in Shapeshifting
  1445 | D:2      | Reached XP level 5. HP: 25/40 MP: 5/5
  1996 | D:3      | Found an iron altar of Okawaru.
  2834 | D:4      | Reached skill level 1 in Shields
  2843 | D:4      | Reached XP level 6. HP: 41/51 MP: 6/6
  2877 | D:4      | Found Nere Jorr's General Store.
  2934 | D:4      | Mangled by an ogre

Illustrated notes

Levels and vault maps discovered:
D:1:      minmay_arrival_shattered_statue, layout_basic
D:2:      layout_loops_ring, st_stairs_10, uniq_terence, uniq_robin
D:3:      layout_loops_corners, okawaru_gym_becter, chequers_arboretum
D:4:      wad_pebble_path, layout_rooms, overflow_temple_1_default,
          lemuel_tele_altar, gammafunk_temple_overflow_forgotten, serial_shops,
          nicolae_shop_waterfront

Skill      XL: |  1  2  3  4  5 |
---------------+----------------+-----
Shapeshifting  | 4 5 |  5.3
Fighting       | 3 |  3.2
Shields        | 1 |  1.9
Dodging        | |  1.7
Unarmed Combat | |  3.0

Action                     |  1- 3 |  4- 6 || total
---------------------------+-------+-------++-------
  Melee: Unarmed           |    98 |   111 ||   209
         Tailslap          |    13 |     8 ||    21
         Punch             |       |     1 ||     1
   Stab: Sleeping          |       |     1 ||     1
 Armour: Skin              |    49 |    56 ||   105
  Dodge: Dodged            |    49 |    52 ||   101
  Block: Buckler           |       |     2 ||     2

Table legend: (Time is in decaauts)
 A = Elapsed time spent in this place.
 B = Non-inter-level travel time spent in this place.
 C = Inter-level travel time spent in this place.
 D = Time resting spent in this place.
 E = Time spent auto-exploring this place.
 F = Levels seen in this place.
 G = Mean time per level.
                   A        B        C        D        E       F      G
               +--------+--------+--------+--------+--------+-----+--------+
         Total |   2928 |   2828 |    100 |    271 |   2098 |   4 |  732.0 |
       Dungeon |   2928 |   2828 |    100 |    271 |   2098 |   4 |  732.0 |
               +--------+--------+--------+--------+--------+-----+--------+

Top non-repeatable levels by time:
     D:1: 1028 daAuts
     D:2: 908 daAuts
     D:3: 883 daAuts
     D:4: 107 daAuts
